% Time on Ice - ANAHEIM OUTLAWS
Lines # - Real PCT - Wanted PCT - Time Play
Normal Forward
1 - 36% - 36% - 18:35
2 - 28% - 31% - 14:48
3 - 23% - 23% - 11:46
4 - 13% - 10% - 6:55
Normal Defense
1 - 39% - 36% - 20:20
2 - 32% - 31% - 16:37
3 - 25% - 23% - 12:51
4 - 4% - 10% - 2:16
PP Forward
1 - 31% - 55% - 0:37
2 - 69% - 45% - 1:22
PP Defense
1 - 31% - 55% - 0:37
2 - 69% - 45% - 1:22
PK Forward
1 - 55% - 55% - 3:15
2 - 45% - 45% - 2:42
PK Defense
1 - 57% - 55% - 3:23
2 - 43% - 45% - 2:34
PK3 Forward
1 - 0% - 55%
2 - 0% - 45%
PK3 Defense
1 - 0% - 55%
2 - 0% - 45%
44 Forward
1 - 0% - 55%
2 - 0% - 45%
44 Defense
1 - 0% - 55%
2 - 0% - 45%
Last Minute Offensive  - 0:00
Last Minute Defensive  - 0:00
Total
Forward - 60:00
Defense - 60:00
% Time on Ice - BANFF WOLVES
Lines # - Real PCT - Wanted PCT - Time Play
Normal Forward
1 - 23% - 38% - 11:54
2 - 33% - 35% - 17:19
3 - 30% - 22% - 15:32
4 - 14% - 5% - 7:19
Normal Defense
1 - 36% - 36% - 18:49
2 - 35% - 34% - 18:01
3 - 29% - 28% - 15:14
4 - 0% - 2% - 0:00
PP Forward
1 - 57% - 55% - 3:22
2 - 43% - 45% - 2:35
PP Defense
1 - 47% - 52% - 2:48
2 - 53% - 48% - 3:09
PK Forward
1 - 50% - 55% - 0:59
2 - 50% - 45% - 1:00
PK Defense
1 - 50% - 55% - 0:59
2 - 50% - 45% - 1:00
PK3 Forward
1 - 0% - 55%
2 - 0% - 45%
PK3 Defense
1 - 0% - 55%
2 - 0% - 45%
44 Forward
1 - 0% - 55%
2 - 0% - 45%
44 Defense
1 - 0% - 59%
2 - 0% - 41%
Last Minute Offensive  - 0:00
Last Minute Defensive  - 0:00
Total
Forward - 60:00
Defense - 60:00
Play-by-Play 1st period 0:01 of 1st period - Evgeny Kuznetsov wins face-off versus Roope Hintz in neutral zone. 0:22 of 1st period - Shot by Brady Tkachuk. 0:22 of 1st period - Stopped by Robin Lehner with a rebound. 0:24 of 1st period - Shot by Alex Tuch. 0:24 of 1st period - Goal by Alex Tuch - ANAHEIM OUTLAWS : 0 - BANFF WOLVES : 1. 0:25 of 1st period - Sam Bennett wins face-off versus Vincent Trocheck in neutral zone. 0:41 of 1st period - Off-side. 0:42 of 1st period - Nick Cousins wins face-off versus Pius Suter in neutral zone. 1:21 of 1st period - Shot by Dawson Mercer. 1:21 of 1st period - Stopped by Robin Lehner with a rebound. 2:41 of 1st period - Shot by Alex Tuch. 2:41 of 1st period - Shot Misses the Net. 3:37 of 1st period - Shot by Philipp Kurashev. 3:37 of 1st period - Stopped by Robin Lehner with a rebound. 4:00 of 1st period - Shot by Adrian Kempe. 4:00 of 1st period - Deflect By Evgeny Kuznetsov. 4:00 of 1st period - Stopped by John Gibson with a rebound. 4:08 of 1st period - Shot by Kevin Fiala. 4:08 of 1st period - Deflect By Evgeny Kuznetsov. 4:08 of 1st period - Stopped by John Gibson without a rebound. 4:09 of 1st period - Vincent Trocheck wins face-off versus Sam Bennett in BANFF WOLVES zone. 4:40 of 1st period - Off-side. 4:41 of 1st period - Michael Rasmussen wins face-off versus Roope Hintz in neutral zone. 4:50 of 1st period - Shot by Roope Hintz. 4:50 of 1st period - Stopped by Robin Lehner with a rebound. 4:52 of 1st period - Shot by Miro Heiskanen. 4:52 of 1st period - Stopped by Robin Lehner without a rebound. 4:53 of 1st period - Sean Couturier wins face-off versus Evgeny Kuznetsov in ANAHEIM OUTLAWS zone. 5:17 of 1st period - Shot by Sean Couturier. 5:17 of 1st period - Stopped by Robin Lehner without a rebound. 5:18 of 1st period - Sam Bennett wins face-off versus Roope Hintz in ANAHEIM OUTLAWS zone. 5:18 of 1st period - Drew Doughty is hit by Brady Tkachuk and loses puck. 5:29 of 1st period - Roope Hintz is hit by Drew Doughty and loses puck. 5:36 of 1st period - Shot by Brady Tkachuk. 5:36 of 1st period - Shot Misses the Net. 5:51 of 1st period - Icing by Morgan Rielly. 5:52 of 1st period - Sam Bennett wins face-off versus Vincent Trocheck in ANAHEIM OUTLAWS zone. 5:57 of 1st period - Mats Zuccarello is hit by Sam Bennett. 6:08 of 1st period - Mats Zuccarello is hit by Jeff Skinner and loses puck. 6:26 of 1st period - Mats Zuccarello is hit by Henri Jokiharju and loses puck. 6:33 of 1st period - Shot by Jakub Voracek. 6:33 of 1st period - Shot Misses the Net. 6:35 of 1st period - Shot by Miro Heiskanen. 6:35 of 1st period - Stopped by Robin Lehner without a rebound. 6:36 of 1st period - Roope Hintz wins face-off versus Michael Rasmussen in ANAHEIM OUTLAWS zone. 6:47 of 1st period - Shot by Alex Tuch. 6:47 of 1st period - Deflect By Brady Tkachuk. 6:47 of 1st period - Stopped by Robin Lehner without a rebound. 6:48 of 1st period - Evgeny Kuznetsov wins face-off versus Sean Couturier in ANAHEIM OUTLAWS zone. 8:01 of 1st period - Icing by Sean Couturier. 8:02 of 1st period - Michael Rasmussen wins face-off versus Sean Couturier in BANFF WOLVES zone. 8:34 of 1st period - Shot by Brady Tkachuk. 8:34 of 1st period - Goal by Brady Tkachuk - ANAHEIM OUTLAWS : 0 - BANFF WOLVES : 2. 8:35 of 1st period - Sam Bennett wins face-off versus Vincent Trocheck in neutral zone. 8:45 of 1st period - Minor Penalty to Michael Bunting for Roughing. 8:46 of 1st period - Roope Hintz wins face-off versus Kevin Fiala in ANAHEIM OUTLAWS zone. 8:51 of 1st period - Shot by Mats Zuccarello. 8:51 of 1st period - Deflect By Alex Tuch. 8:51 of 1st period - Shot Misses the Net. 9:07 of 1st period - Mats Zuccarello is hit by Drew Doughty and loses puck. 9:15 of 1st period - Alex Tuch is hit by Drew Doughty and loses puck. 9:25 of 1st period - Roope Hintz is hit by Morgan Rielly. 9:32 of 1st period - Mats Zuccarello is hit by Drew Doughty and loses puck. 9:43 of 1st period - Shot by Brady Tkachuk. 9:43 of 1st period - Stopped by Robin Lehner without a rebound. 9:44 of 1st period - Vincent Trocheck wins face-off versus Sam Bennett in ANAHEIM OUTLAWS zone. 9:47 of 1st period - Shot by Vincent Trocheck. 9:47 of 1st period - Stopped by Robin Lehner with a rebound. 9:51 of 1st period - Shot by Jakub Voracek. 9:51 of 1st period - Stopped by Robin Lehner without a rebound. 9:52 of 1st period - Vincent Trocheck wins face-off versus Sam Bennett in ANAHEIM OUTLAWS zone. 10:01 of 1st period - Shot by Brady Tkachuk. 10:01 of 1st period - Stopped by Robin Lehner with a rebound. 10:32 of 1st period - Brady Tkachuk is hit by Jeff Skinner and loses puck. 10:58 of 1st period - Minor Penalty to Dylan Coghlan for Goalie Interference. 10:59 of 1st period - Roope Hintz wins face-off versus Kevin Fiala in ANAHEIM OUTLAWS zone. 11:16 of 1st period - Shot by Mats Zuccarello. 11:16 of 1st period - Shot Blocked by Henri Jokiharju. 11:18 of 1st period - Shot by Mats Zuccarello. 11:18 of 1st period - Shot Misses the Net. 11:20 of 1st period - Shot by Mats Zuccarello. 11:20 of 1st period - Stopped by Robin Lehner without a rebound. 11:21 of 1st period - Vincent Trocheck wins face-off versus Sam Bennett in ANAHEIM OUTLAWS zone. 11:22 of 1st period - Shot by Jakub Voracek. 11:22 of 1st period - Shot Blocked by Morgan Rielly. 11:24 of 1st period - Shot by Brady Tkachuk. 11:24 of 1st period - Shot Misses the Net. 11:26 of 1st period - Shot by Vincent Trocheck. 11:26 of 1st period - Shot Blocked by Morgan Rielly. 11:32 of 1st period - Shot by Vincent Trocheck. 11:32 of 1st period - Shot Misses the Net. 12:12 of 1st period - Shot by Sam Bennett. 12:12 of 1st period - Shot Misses the Net. 12:47 of 1st period - Icing by Mats Zuccarello. 12:48 of 1st period - Kevin Fiala wins face-off versus Roope Hintz in BANFF WOLVES zone. 13:54 of 1st period - Shot by Mats Zuccarello. 13:54 of 1st period - Shot Blocked by Dylan Coghlan. 14:28 of 1st period - Shot by Jeff Skinner. 14:28 of 1st period - Stopped by John Gibson without a rebound. 14:29 of 1st period - Roope Hintz wins face-off versus Evgeny Kuznetsov in BANFF WOLVES zone. 14:44 of 1st period - Shot by Adrian Kempe. 14:44 of 1st period - Shot Blocked by Jamie Oleksiak. 14:50 of 1st period - Shot by Kevin Fiala. 14:50 of 1st period - Stopped by John Gibson without a rebound. 14:51 of 1st period - Sam Bennett wins face-off versus Sean Couturier in BANFF WOLVES zone. 15:18 of 1st period - Shot by Dawson Mercer. 15:18 of 1st period - Stopped by Robin Lehner with a rebound. 15:20 of 1st period - Shot by Esa Lindell. 15:20 of 1st period - Shot Misses the Net. 15:22 of 1st period - Shot by Nick Cousins. 15:22 of 1st period - Stopped by Robin Lehner with a rebound. 15:47 of 1st period - Off-side. 15:48 of 1st period - Roope Hintz wins face-off versus Evgeny Kuznetsov in neutral zone. 15:53 of 1st period - Shot by Roope Hintz. 15:53 of 1st